[Event "45th FIDE Olympiad 2024"]
[Site "Budapest"]
[Date "2024.09.16"]
[Round "6.39"]
[White "Jobava, Baadur"]
[Black "Pichot, Alan"]
[Result "1/2-1/2"]
[ECO "E32"]
[WhiteElo "2582"]
[BlackElo "2628"]
[Annotator "TA"]
[PlyCount "113"]
[EventDate "2024.09.05"]
[EventType "team-tourn"]
[EventCountry "HUN"]
[SourceTitle "playchess.com"]
[Source "ChessBase"]
[SourceQuality "1"]
[WhiteTeam "Georgia"]
[BlackTeam "Spain"]
[WhiteTeamCountry "GEO"]
[BlackTeamCountry "ESP"]
[TimeControl "40/5400+30:1800+30"]

1. d4 Nf6 2. c4 e6 3. Nc3 Bb4 4. Qc2 d6 5. e3 O-O 6. Bd3 c5 7. Nge2 Nc6 8. O-O {[%emt 0:01:52] White is slightly better.} d5 9. cxd5 exd5 10. dxc5 Bxc5 11. Nb5 Bb6 12. Bd2 (12. b3 {simplifies} a6 13. Nbd4 Nxd4 14. Nxd4 Re8 15. Bb2) 12... Bg4 13. Bc3 Rc8 14. Bf5 (14. Qa4 {simplifies} Bxe2 15. Bxe2 a6 16. Nd4) 14... Nb4 15. Qa4 (15. Qd1 $5 Bxf5 16. Bxb4 $11) 15... Bxf5 16. Bxb4 {[%emt 0:01:42] [#]} Bd3 $1 17. Rfe1 {[%emt 0:03:39] [#]} (17. Nbc3 Re8) 17... Qd7 18. Nbc3 $14 {[%emt 0:01:27] Hoping for Qxd7.} Rfd8 19. Qxd7 Rxd7 20. Na4 Bxe2 21. Nxb6 axb6 22. Rxe2 d4 {[%emt 0:00:00] Dodges Bc3} 23. exd4 Nd5 24. Bd2 f6 25. Kf1 Rc4 26. Be3 Kf7 27. Rd1 b5 28. a3 b4 29. Rd3 b5 30. axb4 Nxb4 31. Rb3 Rd5 32. Rc3 Rd7 33. Ke1 Rxc3 34. bxc3 $11 {[%emt 0:00:06][%mdl 4096] Endgame. KRB-KRN} Nd5 35. Rc2 Rc7 36. Kd2 b4 37. cxb4 {[%emt 0:01:52] Rxc7+ would now be deadly.} Rxc2+ 38. Kxc2 {[%emt 0:00:03] Strongly threatening Kb3.} Nxb4+ $16 {[%emt 0:00:06] KB-KN} 39. Kc3 Nd5+ 40. Kc4 Ke6 41. Kc5 h5 42. h4 Ne7 43. Bd2 Nd5 44. g3 g6 45. Bc1 Ne7 46. Be3 Nd5 47. Kc6 (47. Bd2 $16) 47... Ne7+ $11 48. Kc7 Kd5 49. Kd7 Nf5 50. Ke8 {[%emt 0:00:00] Threatens to win with Kf7.} g5 $1 51. hxg5 fxg5 52. Bxg5 {[%emt 0:00:00] Kf7 is the strong threat.} Nxd4 53. Kf7 {[%emt 0:00:07] aiming for Kg6.} Ke4 54. Kg6 Kf3 55. Be3 (55. Kxh5 $14 Kxf2 56. Kh6) 55... Ne2 56. Kxh5 {[%emt 0:00:04] Threatening mate with g4.} Nxg3+ 57. fxg3 {[%emt 0:00:03] Weighted Error Value: White=0.10 (very precise) /Black=0.07 (flawless) .  Mistake:       	White=2     	Black=1      Inaccurate:     	White=2     	Black=4      OK:         	White=21    	Black=24     Best:        	---       	Black=4      Strong:       	---       	Black=2} 1/2-1/2

[Event "45th FIDE Olympiad 2024"]
[Site "Budapest"]
[Date "2024.09.16"]
[Round "6.39"]
[White "Al Abdali, Zeyad Saleh"]
[Black "Semeko, Lumen Paco"]
[Result "1-0"]
[WhiteElo "1780"]
[BlackElo "1740"]
[PlyCount "81"]
[EventDate "2024.09.05"]
[EventType "team-tourn"]
[EventCountry "HUN"]
[WhiteTeam "Saudi Arabia"]
[BlackTeam "Togo"]
[WhiteTeamCountry "SAU"]
[BlackTeamCountry "TOG"]
[TimeControl "40/5400+30:1800+30"]

1. d4 Nf6 2. c4 d5 3. cxd5 Nxd5 4. e4 Nf6 5. e5 Nd5 6. Bd3 e6 7. Nc3 c5 8. dxc5 Bxc5 9. Nf3 Nxc3 10. bxc3 Nc6 11. O-O Qc7 12. Qe2 Bd7 13. Rb1 h6 14. Rb5 Ne7 15. Rb1 Bc6 16. Nd4 Bxd4 17. cxd4 Nd5 18. Qc2 O-O 19. Bd2 Rac8 20. f4 Qd7 21. Qb2 f5 22. exf6 Nxf6 23. f5 Ne4 24. fxe6 Qxe6 25. Bf4 Qg4 26. Be5 Bd5 27. Rbe1 Ng5 28. Bg3 Rcd8 29. Be2 Rxf1+ 30. Rxf1 Qe4 31. Bh5 Nh3+ 32. Kh1 Nf2+ 33. Qxf2 Rc8 34. Bf7+ Kh7 35. Bxd5 Qxd5 36. h3 Kh8 37. Be5 Rg8 38. Qf5 Qc4 39. a3 a5 40. Rf3 b5 41. Qg6 1-0

[Event "45th FIDE Olympiad 2024"]
[Site "Budapest"]
[Date "2024.09.16"]
[Round "6.40"]
[White "Santos Latasa, Jaime"]
[Black "Pantsulaia, Levan"]
[Result "1/2-1/2"]
[ECO "E90"]
[WhiteElo "2624"]
[BlackElo "2516"]
[Annotator "RC"]
[PlyCount "93"]
[EventDate "2024.09.05"]
[EventType "team-tourn"]
[EventCountry "HUN"]
[SourceTitle "playchess.com"]
[Source "ChessBase"]
[SourceQuality "1"]
[WhiteTeam "Spain"]
[BlackTeam "Georgia"]
[WhiteTeamCountry "ESP"]
[BlackTeamCountry "GEO"]
[TimeControl "40/5400+30:1800+30"]

1. d4 Nf6 2. c4 c5 3. d5 g6 4. Nc3 Bg7 5. e4 d6 6. h3 O-O 7. Nf3 e6 8. Be2 exd5 9. exd5 Bf5 10. g4 Be4 11. O-O Bxf3 12. Bxf3 Nbd7 13. a4 Nb6 14. Be2 Re8 15. Qc2 Qe7 16. Bd3 Nbd7 17. f4 Nxg4 18. hxg4 Qh4 19. Qh2 Qxg4+ 20. Qg2 Qh4 21. Qf3 f5 22. Bd2 Nf6 23. Kg2 Ng4 24. Rh1 Qd8 25. Rae1 Qb6 26. Nb5 Rxe1 27. Rxe1 a6 28. a5 Qd8 29. Na3 Bxb2 30. Nc2 Bg7 31. Ne3 Nf6 32. Nxf5 gxf5 33. Bxf5 b5 34. axb6 Qxb6 35. Bc3 Kh8 36. Re7 Rg8 37. Kh3 Qb3 38. Qd3 Rb8 39. Rf7 Nh5 40. Rf8+ Rxf8 41. Bxg7+ Kxg7 42. Qxb3 Rxf5 43. Qb2+ Kh6 44. Qb8 Nxf4+ 45. Kg4 Rf6 46. Qd8 Nh5 47. Qc7 1/2-1/2

[Event "45th FIDE Olympiad 2024"]
[Site "Budapest"]
[Date "2024.09.16"]
[Round "6.40"]
[White "Fumey, Enyonam Sewa"]
[Black "Khayat, Emad"]
[Result "1-0"]
[WhiteElo "1845"]
[BlackElo "1907"]
[PlyCount "49"]
[EventDate "2024.09.05"]
[EventType "team-tourn"]
[EventCountry "HUN"]
[WhiteTeam "Togo"]
[BlackTeam "Saudi Arabia"]
[WhiteTeamCountry "TOG"]
[BlackTeamCountry "SAU"]
[TimeControl "40/5400+30:1800+30"]

1. e4 e5 2. f4 d5 3. exd5 exf4 4. Nf3 Nf6 5. Nc3 Nxd5 6. Nxd5 Qxd5 7. d4 Bd6 8. Be2 O-O 9. O-O c5 10. c4 Qf5 11. Bd3 Qf6 12. Qc2 h6 13. d5 Bg4 14. Nd2 g5 15. Ne4 Qe7 16. Bd2 Nd7 17. Rae1 Ne5 18. Nxd6 Qxd6 19. Rxe5 Rae8 20. Bh7+ Kg7 21. Rfe1 Rxe5 22. Rxe5 f6 23. Qg6+ Kh8 24. Bc3 Qc7 25. Re8 1-0

[Event "45th FIDE Olympiad 2024"]
[Site "Budapest"]
[Date "2024.09.16"]
[Round "6.41"]
[White "Stefansson, Vignir Vatnar"]
[Black "Vachier-Lagrave, Maxime"]
[Result "1/2-1/2"]
[ECO "A30"]
[WhiteElo "2531"]
[BlackElo "2731"]
[Annotator "TA"]
[PlyCount "61"]
[EventDate "2024.09.05"]
[EventType "team-tourn"]
[EventCountry "HUN"]
[SourceTitle "playchess.com"]
[Source "ChessBase"]
[SourceQuality "1"]
[WhiteTeam "Iceland"]
[BlackTeam "France"]
[WhiteTeamCountry "ISL"]
[BlackTeamCountry "FRA"]
[TimeControl "40/5400+30:1800+30"]

1. Nf3 Nf6 2. c4 b6 3. g3 c5 4. Bg2 Bb7 5. O-O g6 6. b3 Bg7 7. Bb2 O-O 8. Nc3 d5 9. Nxd5 Nxd5 10. Bxg7 Kxg7 11. cxd5 Qxd5 12. d4 cxd4 13. Qxd4+ Qxd4 14. Nxd4 {[%emt 0:00:04][%cal Bf3d4,Bd4c6,Bc6e7,Be7d5][%mdl 32] The position is equal.} Bxg2 15. Kxg2 a5 16. Rac1 Na6 {[%emt 0:01:16] Dodges Rc7} 17. Nc6 Rfc8 18. Nxe7 Rxc1 19. Rxc1 $11 {[%emt 0:00:04][%mdl 4096] Endgame. KRN-KRN} Re8 20. Nd5 Rxe2 21. Nxb6 Rxa2 22. Nd5 Rd2 23. Rc6 Rxd5 24. Rxa6 {[%emt 0:00:03] KR-KR} Rb5 25. h4 h5 26. Kf1 Rxb3 27. Rxa5 Rb1+ 28. Kg2 Rb3 29. Kg1 Rb1+ 30. Kg2 Rb3 31. Ra2 {[%emt 0:00:04] A rather calm draw.   Weighted Error Value: White=0.03 (flawless) /Black=0.01 (flawless) .  OK:         	White=8     	Black=5      Best:        	---       	Black=1} 1/2-1/2

[Event "45th FIDE Olympiad 2024"]
[Site "Budapest"]
[Date "2024.09.16"]
[Round "6.41"]
[White "Ebosse, Kingue Victor Patric"]
[Black "Stratonowitsch, Andre"]
[Result "1/2-1/2"]
[WhiteElo "2014"]
[BlackElo "2154"]
[PlyCount "91"]
[EventDate "2024.09.05"]
[EventType "team-tourn"]
[EventCountry "HUN"]
[WhiteTeam "Cameroon"]
[BlackTeam "Seychelles"]
[WhiteTeamCountry "CAM"]
[BlackTeamCountry "SEY"]
[TimeControl "40/5400+30:1800+30"]

1. d4 Nf6 2. Nf3 e6 3. e3 c5 4. Bd3 Be7 5. Nbd2 O-O 6. b3 b6 7. Bb2 Bb7 8. Qe2 Nc6 9. a3 Rc8 10. O-O Re8 11. Rfe1 d6 12. Rad1 Qc7 13. Ng5 h6 14. Nge4 d5 15. Ng3 e5 16. dxc5 Bxc5 17. b4 Bf8 18. c4 d4 19. Nde4 Nxe4 20. Nxe4 dxe3 21. fxe3 Re6 22. Rf1 Ne7 23. Ng3 Rd8 24. Bc2 Rxd1 25. Rxd1 Ng6 26. Qg4 Be7 27. Bxg6 Rxg6 28. Qd7 Qc6 29. Qxc6 Bxc6 30. Bxe5 Bg5 31. Kf2 Re6 32. Bf4 Bh4 33. Rd6 Rxd6 34. Bxd6 a6 35. Bc7 b5 36. c5 Kf8 37. Be5 g6 38. Kf1 Bxg3 39. Bxg3 Ke7 40. Bf4 h5 41. g3 Ke6 42. Ke2 Be4 43. Kd2 Kd5 44. Kc3 Bf5 45. h4 Be4 46. Bd6 1/2-1/2

[Event "45th FIDE Olympiad 2024"]
[Site "Budapest"]
[Date "2024.09.16"]
[Round "6.42"]
[White "Bacrot, Etienne"]
[Black "Kjartansson, Gudmundur"]
[Result "1-0"]
[ECO "C67"]
[WhiteElo "2665"]
[BlackElo "2478"]
[Annotator "TA"]
[PlyCount "133"]
[EventDate "2024.09.05"]
[EventType "team-tourn"]
[EventCountry "HUN"]
[SourceTitle "playchess.com"]
[Source "ChessBase"]
[SourceQuality "1"]
[WhiteTeam "France"]
[BlackTeam "Iceland"]
[WhiteTeamCountry "FRA"]
[BlackTeamCountry "ISL"]
[TimeControl "40/5400+30:1800+30"]

1. e4 e5 2. Nf3 Nc6 3. Bb5 Nf6 4. O-O Nxe4 5. d4 Nd6 6. Bxc6 dxc6 7. dxe5 Nf5 8. Qxd8+ Kxd8 9. Nc3 Ke8 10. h3 h5 {[%emt 0:00:24] C67: Ruy Lopez: Berlin Defence: 4 0-0 Nxe4.} 11. Ne2 b6 12. Bg5 Bb7 13. Rad1 c5 14. Nc3 Be7 15. Nd5 Bxd5 16. Rxd5 Rd8 17. Rxd8+ Bxd8 18. Bxd8 $146 ({Predecessor:} 18. Rd1 Bxg5 19. Nxg5 Ke7 20. c3 Nh4 21. g3 Ng6 22. f4 h4 23. Kf2 hxg3+ 24. Kxg3 {½-½ Vachier Lagrave,M (2798)-Kramnik,V (2812) Dortmund 44th 2016 (2)}) 18... Kxd8 19. Rd1+ Ke7 20. g3 Rg8 21. h4 a5 22. c3 Nh6 23. Ng5 Ng4 24. e6 fxe6 25. Re1 Kd7 26. Rxe6 Rf8 (26... Re8 $2 27. Rxe8 Kxe8 28. Ne6 $16) 27. Re2 Rf5 28. Kg2 Ne5 29. Rd2+ Ke7 30. Nh3 Nc4 31. Rc2 Re5 32. Nf4 Kf7 33. b3 Nd6 34. c4 $1 Nf5 35. Rd2 Nd4 36. Nd5 Re2 ({Black should try} 36... Ne6) 37. Rxe2 $16 Nxe2 38. Kf3 $1 (38. Nxc7 Nc1 $11) 38... Nc1 39. Nc3 $1 (39. Nxc7 Nxa2 40. Nd5 Nc1 $11) 39... a4 $2 (39... Nd3 $16 40. Ke3 Nb4) 40. bxa4 $18 Nd3 {[%emt 0:00:25] [#]} 41. Ke4 $1 Nxf2+ 42. Kd5 Nh1 {[%emt 0:24:46] [#]} (42... Nd3 $142 43. Kc6 Ne5+ 44. Kxc7 Nxc4) 43. Ne4 $1 $18 Ke7 44. Kc6 Kd8 45. a5 bxa5 46. Kxc5 Kd7 47. Kd5 (47. Kb5 Ke6 $16) 47... a4 48. a3 g6 49. Ke5 Ke7 50. Kf4 Ke6 51. Kf3 Ke5 52. Nc3 Kd4 53. Nxa4 Kxc4 54. Nb2+ Kb3 55. a4 Kb4 56. Kg2 c5 57. Kxh1 (57. Nd3+ $142 Kc4 58. Ne5+ Kb4 59. Kxh1 (59. Nxg6 Nf2 $18) 59... c4 60. Nxg6 Kc3 61. Nf4 Kd2 62. Nd5 (62. Nxh5 $2 c3 $19)) 57... Kb3 58. a5 Kxb2 59. a6 c4 60. a7 c3 61. a8=Q (61. a8=B $2 {too greedy.} c2 62. Kg2 c1=Q $19 (62... c1=R 63. Be4 $11)) 61... c2 62. Qb7+ Kc3 63. Qc6+ Kd2 64. Qd5+ Ke2 65. Qe4+ Kd2 66. Qd4+ Ke2 67. Qc3 1-0

[Event "45th FIDE Olympiad 2024"]
[Site "Budapest"]
[Date "2024.09.16"]
[Round "6.42"]
[White "Meier, Peter"]
[Black "Zebaze, Dongmo Loic Dylane"]
[Result "1/2-1/2"]
[WhiteElo "2062"]
[BlackElo "1914"]
[PlyCount "150"]
[EventDate "2024.09.05"]
[EventType "team-tourn"]
[EventCountry "HUN"]
[WhiteTeam "Seychelles"]
[BlackTeam "Cameroon"]
[WhiteTeamCountry "SEY"]
[BlackTeamCountry "CAM"]
[TimeControl "40/5400+30:1800+30"]

1. d4 Nf6 2. Nf3 d5 3. c4 e6 4. g3 a6 5. Bg2 dxc4 6. O-O Bd6 7. Qc2 O-O 8. Nbd2 b5 9. e4 Be7 10. Ng5 g6 11. e5 Nd5 12. Nde4 Nc6 13. Nf3 Bb7 14. Bh6 Re8 15. Rad1 Nb8 16. a3 Nd7 17. Bg5 N5b6 18. h4 Kg7 19. Nh2 Nd5 20. Ng4 h5 21. Ngf6 Rh8 22. Nxd7 Qxd7 23. Bf6+ Bxf6 24. exf6+ Kf8 25. Qd2 Rd8 26. Rfe1 Qc8 27. Nc5 Bc6 28. Qg5 Be8 29. Bh3 Rd6 30. Re5 c6 31. Rde1 Nc7 32. R1e4 Rd5 33. Bg2 Qd8 34. Qf4 Rd6 35. Nb7 Qd7 36. Nxd6 Qxd6 37. g4 Nd5 38. Qg5 Bd7 39. Bf3 Rg8 40. Qh6+ Ke8 41. Qg5 Kf8 42. Kh1 hxg4 43. Bxg4 c3 44. bxc3 Nxc3 45. Qh6+ Ke8 46. Qh7 Qf8 47. Bxe6 Nxe4 48. Bxf7+ Kd8 49. Qxg8 Qxg8 50. Bxg8 Nxf6 51. Bf7 Bf5 52. Re1 Kd7 53. Rg1 Ng4 54. f3 Nf2+ 55. Kh2 Nh3 56. Re1 Nf4 57. Kg3 Nh5+ 58. Kf2 Nf4 59. Rh1 Ke7 60. Bb3 a5 61. a4 Kd6 62. Ra1 b4 63. Rh1 Nd5 64. h5 gxh5 65. Bxd5 Kxd5 66. Rxh5 Ke6 67. Rh8 Kd5 68. Ke3 b3 69. Rb8 Kc4 70. Kf4 Bd3 71. Ke5 Kc3 72. Kd6 b2 73. Kxc6 b1=Q 74. Rxb1 Bxb1 75. Kb5 Kxd4 1/2-1/2

[Event "45th FIDE Olympiad 2024"]
[Site "Budapest"]
[Date "2024.09.16"]
[Round "6.43"]
[White "Heimisson, Hilmir Freyr"]
[Black "Maurizzi, Marc`andria"]
[Result "0-1"]
[ECO "A50"]
[WhiteElo "2391"]
[BlackElo "2595"]
[Annotator "TA"]
[PlyCount "86"]
[EventDate "2024.09.05"]
[EventType "team-tourn"]
[EventCountry "HUN"]
[SourceTitle "playchess.com"]
[Source "ChessBase"]
[SourceQuality "1"]
[WhiteTeam "Iceland"]
[BlackTeam "France"]
[WhiteTeamCountry "ISL"]
[BlackTeamCountry "FRA"]
[TimeControl "40/5400+30:1800+30"]

1. d4 Nf6 2. c4 b6 3. Nc3 Bb7 4. Qc2 Nc6 5. Nf3 Nb4 6. Qb1 Bxf3 7. gxf3 g6 8. f4 {[%emt 0:02:20] White is slightly better.} e6 9. Bg2 c6 10. a3 Na6 11. e4 Nh5 12. Be3 (12. h4 $1 $14) 12... Bh6 $11 13. Qc1 Qh4 14. Ne2 O-O 15. Qd2 c5 16. d5 ({White should play} 16. dxc5 $11 Nxc5 17. Rd1) 16... exd5 $15 17. cxd5 d6 18. O-O-O c4 19. Bf3 Nc5 20. Kb1 Rae8 21. Ng3 {[%emt 0:03:09] Strongly threatening Bxh5.} Nxf4 (21... Bxf4 $6 22. Bxh5 Bxg3 23. hxg3 $14) 22. Rhg1 {[%emt 0:00:30] [#]} Kh8 $1 {[%emt 0:00:04] aiming for ...b5. Black is more active.} 23. Qc3+ f6 $1 {[%emt 0:00:27] White must now prevent ...Nh3.} 24. Qxc4 Nh3 {[%emt 0:01:51] Excellent horsemanship.} (24... Qxh2 $2 25. Rh1 $18) 25. Bxh6 Qxh6 26. Rgf1 Ng5 $36 {[%emt 0:05:12][%csl LRf3,LRh2][%mdl 2048] Black is more active.} 27. Bg2 (27. Qc3 $15) 27... Qxh2 $17 28. Rg1 Qh4 (28... b5 $142 29. Qc1 Rf7 (29... Ncxe4 30. Nxe4 Nxe4 31. Bxe4 $15)) 29. Rd4 (29. Qd4 $17 {keeps fighting.}) 29... Qf4 30. Qc2 (30. Rf1 {was worth a try.}) 30... Rc8 $2 (30... f5 $19 {[%cal Rf5e4] is more deadly.} 31. Re1 Qe5) 31. Rc4 {[%emt 0:00:36] Loses the game.} (31. Qd2 $17 Qxd2 32. Rxd2) 31... b5 $19 32. Rc3 Rce8 33. Re3 a5 34. Rf1 b4 35. Ne2 Qg4 36. Rg1 {[%emt 0:00:39] [#]} (36. Rg3 $142 Qc8 37. Re3) 36... Qh4 $1 (36... Ngxe4 37. Bxe4 Qd7 38. axb4 axb4 39. Nd4 $16) (36... bxa3 37. Rxa3 Qh4 (37... Ncxe4 38. f3 $16) 38. Rg3 Rxe4 (38... Ncxe4 39. Rh1 $11) 39. Bxe4 (39. Rh1 Rxe2 40. Rxh4 Rxc2 $15) 39... Qxe4 40. Re3 Qxd5 41. Rd1 $11) 37. Ng3 (37. Nd4 {was necessary.}) 37... Qf4 38. Rge1 Rb8 39. Ka1 $2 (39. Rf1) 39... Rfc8 {[%emt 0:00:18] ...a4 is the strong threat.} 40. Qe2 bxa3 41. Rxa3 Nb3+ 42. Kb1 Nd2+ 43. Ka1 {[%emt 0:01:24] [#]} Rxb2 $3 {[%emt 0:00:47][%mdl 512] Weighted Error Value: White=0.58/Black=0.14 (very precise) .  Missed win:     	---       	Black=1      Mistake:       	White=9     	Black=1      Inaccurate:     	White=2     	Black=3      OK:         	White=11    	Black=16     Best:        	White=4     	Black=4      Strong:       	---       	Black=3} 0-1

[Event "45th FIDE Olympiad 2024"]
[Site "Budapest"]
[Date "2024.09.16"]
[Round "6.43"]
[White "Amba, Oyon Marius Claude"]
[Black "Pillay, Ragul"]
[Result "1-0"]
[WhiteElo "1975"]
[BlackElo "1633"]
[PlyCount "75"]
[EventDate "2024.09.05"]
[EventType "team-tourn"]
[EventCountry "HUN"]
[WhiteTeam "Cameroon"]
[BlackTeam "Seychelles"]
[WhiteTeamCountry "CAM"]
[BlackTeamCountry "SEY"]
[TimeControl "40/5400+30:1800+30"]

1. e4 c5 2. Nf3 d6 3. d4 cxd4 4. Nxd4 g6 5. Nc3 Bg7 6. Be3 Nf6 7. Be2 O-O 8. O-O Nc6 9. Kh1 Bd7 10. f4 Nxd4 11. Bxd4 Bc6 12. Bf3 Qd7 13. g4 Rfe8 14. g5 Nh5 15. Bg4 e6 16. Bxh5 Bxd4 17. Qxd4 gxh5 18. Rad1 e5 19. Qe3 Qg4 20. f5 Kh8 21. Rd2 h4 22. Rg2 Qh5 23. g6 Rg8 24. g7+ Rxg7 25. Rxg7 Kxg7 26. f6+ Kh8 27. Qf3 Qxf3+ 28. Rxf3 Rg8 29. Rd3 Rd8 30. Kg2 h6 31. Kh3 Kh7 32. Kxh4 Kg6 33. Rf3 d5 34. exd5 e4 35. Rg3+ Kxf6 36. dxc6 bxc6 37. Re3 Rd2 38. Nxe4+ 1-0

[Event "45th FIDE Olympiad 2024"]
[Site "Budapest"]
[Date "2024.09.16"]
[Round "6.44"]
[White "Lagarde, Maxime"]
[Black "Gretarsson, Helgi Ass"]
[Result "1-0"]
[ECO "C84"]
[WhiteElo "2598"]
[BlackElo "2450"]
[Annotator "TA"]
[PlyCount "75"]
[EventDate "2024.09.05"]
[EventType "team-tourn"]
[EventCountry "HUN"]
[SourceTitle "playchess.com"]
[Source "ChessBase"]
[SourceQuality "1"]
[WhiteTeam "France"]
[BlackTeam "Iceland"]
[WhiteTeamCountry "FRA"]
[BlackTeamCountry "ISL"]
[TimeControl "40/5400+30:1800+30"]

1. e4 e5 2. Nf3 Nc6 3. Bb5 a6 4. Ba4 Nf6 5. O-O Be7 6. d3 b5 7. Bb3 d6 8. Bd2 O-O 9. Re1 h6 10. h3 {[%emt 0:03:23] The position is equal.} Re8 11. a4 Rb8 12. axb5 axb5 13. Nc3 Bf8 14. Qb1 Be6 15. Bxe6 Rxe6 16. Nd5 Re8 17. c4 Be7 18. Ra6 Qd7 19. Rc1 Rb7 {[%emt 0:02:23] [#]} (19... Nd8 $14) 20. Qa2 ({White should try} 20. c5 $1 $16 {[%cal Rc5d6] Black must now prevent cxd6.} dxc5 21. Nxe7+ Rxe7 22. Rxc5) 20... bxc4 $11 21. Rxc4 Nb8 22. Ra8 c6 23. Ne3 Bd8 (23... c5 $11 {keeps the balance.}) 24. Rca4 (24. Rb4 $16 Rxb4 25. Bxb4) 24... d5 25. Nf5 Bb6 {[%emt 0:00:31] Prevents R4a7} 26. Qa3 {[%emt 0:02:12] Strongly threatening Nd6.} c5 27. Bc3 d4 28. Ba5 {[%emt 0:00:33] aiming for Bxb6.} Ba7 {[%emt 0:00:14] [#]} (28... Qe6 $14) 29. Bd8 $1 Qxd8 30. R4xa7 Rxa7 31. Qxa7 {[%emt 0:00:39][%cal Of3e5] Nxe5! would now be deadly.} Nfd7 32. Nd6 $36 {[%emt 0:00:31][%mdl 2048] White is on the roll. White is much more active.} Re6 {[%emt 0:00:23] [#]} (32... Rf8 $16) 33. Nc4 $1 $18 Kh7 34. Qb7 f6 35. Nh4 {[%emt 0:00:18] Black is weak on the light squares} Re8 $2 (35... Rc6 {is more resistant.} 36. Nf5 Qc7 37. Qxc7 Rxc7) 36. Nf5 {[%emt 0:00:20] White is clearly winning.} Rg8 37. Ncd6 {[%emt 0:01:00] Inhibits Qe8.} Nb6 38. Nf7 {[%emt 0:00:34] Against Nxa8.   Weighted Error Value: White=0.11 (very precise) /Black=0.33.  Mistake:       	White=2     	Black=5      Inaccurate:     	White=2     	Black=2      OK:         	White=14    	Black=8      Best:        	White=1     	---        Strong:       	White=1     	---} 1-0

[Event "45th FIDE Olympiad 2024"]
[Site "Budapest"]
[Date "2024.09.16"]
[Round "6.44"]
[White "Pillay, Harish"]
[Black "Makem, Pierre"]
[Result "0-1"]
[WhiteElo "1561"]
[BlackElo "1860"]
[PlyCount "46"]
[EventDate "2024.09.05"]
[EventType "team-tourn"]
[EventCountry "HUN"]
[WhiteTeam "Seychelles"]
[BlackTeam "Cameroon"]
[WhiteTeamCountry "SEY"]
[BlackTeamCountry "CAM"]
[TimeControl "40/5400+30:1800+30"]

1. e4 e6 2. Nf3 b6 3. d4 Bb7 4. Bd3 c5 5. c3 Nf6 6. Bg5 Be7 7. e5 Nd5 8. Bxe7 Qxe7 9. O-O Nf4 10. Bc2 g5 11. h3 h5 12. Nh2 Bxg2 13. Re1 Nc6 14. Be4 Bxe4 15. Rxe4 Nxh3+ 16. Kg2 g4 17. d5 exd5 18. Qxd5 Qh4 19. Qd2 Ng5 20. Re3 O-O-O 21. Na3 Nxe5 22. Qd6 Ngf3 23. Nb5 Qh3+ {0-} 0-1

[Event "45th FIDE Olympiad 2024"]
[Site "Budapest"]
[Date "2024.09.16"]
[Round "6.45"]
[White "Volokitin, Andrei"]
[Black "Kadric, Denis"]
[Result "1/2-1/2"]
[ECO "C42"]
[WhiteElo "2660"]
[BlackElo "2553"]
[Annotator "TA"]
[PlyCount "121"]
[EventDate "2024.09.05"]
[EventType "team-tourn"]
[EventCountry "HUN"]
[SourceTitle "playchess.com"]
[Source "ChessBase"]
[SourceQuality "1"]
[WhiteTeam "Ukraine"]
[BlackTeam "Montenegro"]
[WhiteTeamCountry "UKR"]
[BlackTeamCountry "MNE"]
[TimeControl "40/5400+30:1800+30"]

1. e4 e5 2. Nf3 Nf6 3. Nxe5 d6 4. Nf3 Nxe4 5. d4 d5 6. Bd3 Nc6 7. O-O Be7 8. Nbd2 Bf5 9. Re1 Nxd2 10. Qxd2 Bxd3 11. Qxd3 O-O 12. c3 Qd7 13. Bf4 a6 14. Re2 {[%emt 0:00:26] C42: Petroff Defence: 3 Nxe5 and unusual White 3rd moves.} Rae8 15. Rae1 Bd8 16. h4 f6 17. Nd2 Rxe2 18. Qxe2 a5 19. Nb3 b6 20. Na1 $146 ({Predecessor:} 20. Nc1 Rf7 21. Qb5 Re7 22. Rxe7 Bxe7 23. Ne2 Bd8 24. c4 dxc4 25. Qxc4+ Kf8 26. Bg3 {½-½ Gueci,A (2474)-Ntirlis,N (2389) EU-ch75 email 2022}) 20... Ne7 21. Nc2 Re8 22. h5 Kf7 23. g4 g5 24. Bg3 f5 25. Qd3 Kg8 26. gxf5 Rf8 27. Ne3 Nxf5 28. Nxf5 Rxf5 29. Qe2 Kf8 30. Qg4 Rf7 31. Re6 Qb5 32. Re3 ({Better is} 32. b3 $16) 32... Qd7 $1 $14 (32... Qxb2 $2 33. Qc8 Qb1+ 34. Kh2 $18) 33. Re6 (33. Qxd7 $14 Rxd7 34. Kg2) 33... Qb5 $1 $16 34. b3 a4 35. Re3 (35. Kg2 $16) 35... axb3 (35... Qd7 $1 $14 36. Re6 b5) 36. axb3 $16 Qd7 37. Re6 Qb5 (37... Be7 $16 38. Be5 Ke8) 38. Re5 (38. h6 $1 $18 {is the precise move to win.}) 38... Qd7 $16 39. Qe2 (39. Qxd7 $1 $16 Rxd7 40. Kh2) 39... Rf5 (39... c6 $11) 40. Re3 Rf7 41. Kg2 Be7 42. Qa6 Kg7 43. Qe2 Kf8 44. Re6 Rf6 45. Re5 Rf7 46. Qa6 Kg7 47. Qe2 Kf8 48. Qa6 Bf6 49. Qa8+ Kg7 50. Rxd5 Qg4 (50... Qe6 $1 $11) 51. Qc6 (51. Qe8 $16 Re7 52. Qc6) 51... Qxh5 ({Black should try} 51... Qe4+ $14 52. f3 Qe2+ 53. Bf2 g4) 52. Rd7 $16 (52. Bxc7 Qe2 $14) 52... Qe2 53. Rxf7+ ({But not} 53. Rxc7 Rxc7 54. Qxc7+ Kg6) (53. Qxc7 $6 Rxd7 54. Qxd7+ Kg6 $16) 53... Kxf7 54. Qxc7+ ({Don't take} 54. Bxc7 b5 $16) 54... Kg6 55. Qxb6 Qe4+ 56. Kh2 h5 {[%emt 0:00:02] [#]} 57. Qa6 $2 (57. Qb8 $1 $16) 57... Qc2 58. Kg2 Qe4+ $1 59. Kh2 Qc2 60. Kg1 (60. Qc6 $5 h4 $8 61. Be5 (61. Qe8+ Kg7 $11) 61... Qxf2+ 62. Kh1 Qf1+ 63. Kh2 Qf2+ 64. Kh1 Qf1+ 65. Kh2 Qf2+ $11) 60... Qb1+ $2 {[%emt 0:00:04] [#]} (60... Qxc3 $11 61. Qe6 Qxd4) 61. Kh2 $2 (61. Qf1 $1 $16 Qxb3 62. Qd3+ Kh6 63. Qf5) 1/2-1/2

[Event "45th FIDE Olympiad 2024"]
[Site "Budapest"]
[Date "2024.09.16"]
[Round "6.45"]
[White "Aziz, Husain"]
[Black "Mompel Ferruz, Xavier"]
[Result "1/2-1/2"]
[WhiteElo "2340"]
[BlackElo "2273"]
[PlyCount "50"]
[EventDate "2024.09.05"]
[EventType "team-tourn"]
[EventCountry "HUN"]
[WhiteTeam "Qatar"]
[BlackTeam "Equatorial Guinea"]
[WhiteTeamCountry "QAT"]
[TimeControl "40/5400+30:1800+30"]

1. d4 d5 2. Nf3 Nf6 3. Bf4 c5 4. e3 Nc6 5. Nbd2 Bg4 6. c3 e6 7. Qb3 Qc8 8. h3 Bh5 9. Be2 Be7 10. O-O O-O 11. Rfe1 c4 12. Qd1 b5 13. Ne5 Bxe2 14. Qxe2 Nxe5 15. Bxe5 Qc6 16. Bxf6 Bxf6 17. e4 dxe4 18. Nxe4 Be7 19. Qf3 Rfc8 20. Re2 a5 21. Rae1 Qd5 22. Nd2 Bf6 23. Ne4 Be7 24. Nd2 Bf6 25. Ne4 Be7 1/2-1/2